 Dungeon Crawl Stone Soup version 0.29.1-15-g9cfb28693d (webtiles) character file.

Game seed: 1316676097460849243

9011 H0rd4k the Fighter (level 11, 0/81 HPs)
             Began as an Octopode Artificer on Mar 30, 2023.
             Was an Initiate of Gozag.
             Slain by a cane toad (14 damage)
             ... on level 1 of the Lair of Beasts.
             The game lasted 00:22:13 (16413 turns).

H0rd4k the Fighter (Octopode Artificer)            Turns: 16413, Time: 00:22:14

Health: 0/81       AC:  5    Str: 12    XL:     11   Next: 39%
Magic:  0/24       EV: 13    Int: 17    God:    Gozag
Gold:   562        SH:  0    Dex: 16    Spells: 29/29 levels left

rFire   + + .      SeeInvis .   t - +5 war axe of Moral Flaws {venom, rF++ rC+ Dex-3 Stlth+}
rCold   + . .      Faith    .   (no shield)
rNeg    + . .      Spirit   +   (helmet restricted)
rPois   .          Reflect  .   k - amulet of guardian spirit
rElec   .          Harm     .   q - +4 ring of protection
rCorr   .          Rampage  .   r - +6 ring of dexterity
Will    .....                   E - ring of wizardry
Stlth   ++++......              F - ring of positive energy
HPRegen 0.23/turn               (no ring)
MPRegen 0.19/turn               (no ring)
                                (no ring)
                                (no ring)

@: lethally poisoned (0 -> -25), gold aura
A: almost no armour, amphibious, 8 rings, camouflage 1, gelatinous body 1,
(nimble swimmer 1), tentacles
a: Renounce Religion, Potion Petition, Call Merchant, Bribe Branch


You were on level 1 of the Lair of Beasts.
You worshipped Gozag.
Gozag was pleased with you.
You visited 2 branches of the dungeon, and saw 11 of its levels.

You collected 2079 gold pieces.
You spent 263 gold pieces at shops.
You paid 1254 gold pieces to Gozag.

Inventory:

Hand Weapons
 t - the +5 war axe of Moral Flaws (weapon) {venom, rF++ rC+ Dex-3 Stlth+}
   (You bought it in a shop on level 3 of the Dungeon)

   It poisons the flesh of those it strikes.
   Dex:       It affects your dexterity (-3).
   rF:        It greatly protects you from fire.
   rC:        It protects you from cold.
   Stlth:     It makes you more stealthy.
Missiles
 y - 30 poisoned darts
Jewellery
 k - an amulet of guardian spirit (around mantle)
 p - an amulet of reflection
 q - a +4 ring of protection (left tentacle)
 r - a +6 ring of dexterity (right tentacle)
 x - an amulet of regeneration
 E - a ring of wizardry (on tentacle)
 F - a ring of positive energy (on tentacle)
Wands
 G - a wand of polymorph (8)
 H - a wand of flame (9)
Scrolls
 a - 4 scrolls of amnesia
 b - 5 scrolls of identify
 c - 2 scrolls of butterflies
 e - 3 scrolls of enchant armour {unknown}
 f - 5 scrolls of teleportation
 g - a scroll of torment
 j - 6 scrolls of enchant weapon
 l - 2 scrolls of brand weapon
 m - 3 scrolls of blinking
Potions
 d - 2 potions of lignification {unknown}
 h - a potion of berserk rage {unknown}
 i - a potion of ambrosia {unknown}
 n - a potion of might
 o - a potion of attraction {unknown}
 s - 3 potions of flight
 u - 2 potions of heal wounds {unknown}
 v - a potion of curing
 B - 2 potions of mutation
 C - a potion of cancellation {unknown}


   Skills:
 - Level 10.0 Fighting
 + Level 0.3(1.0) Short Blades
 + Level 1.5 Long Blades
 - Level 6.2 Axes
 + Level 0.3 Staves
 + Level 0.6 Ranged Weapons
 + Level 1.0 Throwing
 - Level 2.3 Dodging
 - Level 1.3 Stealth
 + Level 1.2 Shields
 - Level 4.8 Unarmed Combat
 * Level 9.7 Spellcasting
 + Level 1.1 Conjurations
 + Level 0.3 Hexes
 + Level 0.3 Summonings
 + Level 1.0 Necromancy
 + Level 1.0 Translocations
 + Level 0.7 Transmutations
 + Level 0.4 Fire Magic
 + Level 0.6 Ice Magic
 + Level 0.8 Air Magic
 + Level 1.0 Earth Magic
 + Level 1.4 Poison Magic
 + Level 1.5 Invocations
 - Level 3.2 Evocations


You had 29 spell levels left.
You didn't know any spells.
Your spell library contained the following spells:

 Spells                   Type           Power      Damage    Failure   Level
 Iskenderun's Mystic Bla  Conj/Tloc      12%        2d5       22%         4
 Fulminant Prism          Conj/Hex       5%         3d7       26%         4
 Lee's Rapid Deconstruct  Erth           5%         3d7*      52%         5


Dungeon Overview and Level Annotations

Branches:
Dungeon (10/15)            Temple (0/1) D:5            Lair (1/5) D:8
    Orc (0/2) D:10

Altars:
Gozag

Shops:
D:3 (   D:7 *   D:8 ::

Annotations:
D:3 2 transporters, vampirul's ghost, amateur DjFE
D:6 2 transporters, 2 exclusions
D:7 exclusion: cyclops
D:8 exclusion: 2 downstairs
D:9 exclusion: manticore
D:10 1 runed translucent door, exclusions: acid dragon, ogre mage, troll and upstairs
Lair:1 exclusion: hydra


Innate Abilities, Weirdness & Mutations

You cannot wear most types of armour.
You are amphibious.
You can wear up to eight rings at the same time.
Your skin changes colour to match your surroundings (Stealth+).
Your rubbery body absorbs attacks. (AC +1, EV +1)
((You are camouflaged when in or above water. (Stealth+)))
You have tentacles for arms and can constrict up to eight enemies at once.


Message History

The yak is severely wounded.
The cane toad is distracted by your dazzling golden aura.
The yak gores you.
The cane toad croaks.
You hit the yak.
The yak looks as sick as possible!
The yak is almost dead.
You kill the yak!
Your Necromancy skill increases to level 1!
The cane toad is no longer distracted by gold.
Aiming: Throw Flame
Press: ? - help, Shift-Dir - straight line, f - cane toad
Aim: a cane toad (75% to hit)
The puff of flame hits the cane toad.
The cane toad is lightly wounded.
Aiming: Throw Flame
Press: ? - help, Shift-Dir - straight line, f/p - cane toad
Aim: a cane toad (lightly wounded, 75% to hit)
The puff of flame hits the cane toad.
The cane toad is lightly wounded.
You barely miss the cane toad. Your grab misses the cane toad.
The cane toad is lightly wounded.
The cane toad stings you. x2
You hit the cane toad. You grab the cane toad.
The cane toad is lightly wounded.
You constrict the cane toad, but do no damage.
The cane toad is distracted by your dazzling golden aura.
The cane toad croaks.
You hit the cane toad.
The cane toad is no longer distracted by gold.
The cane toad is moderately wounded.
You constrict the cane toad. The cane toad closely misses you.
You hit the cane toad.
The cane toad is moderately wounded.
You constrict the cane toad, but do no damage.
The cane toad stings you!!
* * * LOW HITPOINT WARNING * * *
You are lethally poisoned!
The cane toad poisons you! The cane toad stings you!!
You die...
Your body crumbles into a pile of gold.

## ### ### ###
.#.########P######.####.#########
................@F..............$
+#..........#.P.###.##......#####
............##### ####......# #
............# #......### #
............# ###........###
.#..........########.#...........
#..............................#
.............#.####.............#
#######......### #.............#


You could see a cane toad.

Vanquished Creatures
  An elephant (Lair:1)
  A cane toad (Lair:1)
  A black mamba (Lair:1)
  A rime drake (Lair:1)
  A komodo dragon (Lair:1)
  2 hornets
  A wyvern (D:8)
  9 yaks
  2 basilisks (D:8)
  5 water moccasins
  An acid dragon (D:10)
  A sky beast (D:7)
  An orc warrior (D:8)
  2 black bears
  2 ogres
  4 wolves (Lair:1)
  2 centaurs
  2 phantoms (D:10)
  2 kobold brigands
  2 gnoll sergeants
  2 scorpions
  4 bullfrogs
  A necrophage (D:4)
  2 troll zombies (D:10)
  16 wights
  5 killer bees (D:8)
  7 howler monkeys
  An electric eel (D:6)
  3 hounds
  A gnoll bouda (D:10)
  4 jellies
  7 orc priests
  8 iguanas
  11 orc wizards
  5 ogre zombies (D:10)
  Robin (D:2)
  16 gnolls
  8 adders
  A shadow imp (D:7)
  4 worms
  3 dart slugs
  38 orcs
  6 endoplasms
  3 giant cockroaches
  17 goblins
  11 hobgoblins
  3 jackals (D:5)
  2 quokkas
  9 ball pythons
  3 bats
  7 frilled lizards
  4 goblin zombies (D:10)
  4 hobgoblin skeletons (D:10)
  A hobgoblin zombie (D:10)
  15 kobolds
  2 orc skeletons (D:10)
  14 orc zombies (D:10)
  4 rats
296 creatures vanquished.

Vanquished Creatures (collateral kills)
  2 gnolls
  A dart slug (D:5)
  2 orcs
5 creatures vanquished.

Vanquished Creatures (others)
  2 scorpions (D:4)
  A gnoll (D:3)
  An endoplasm (D:1)
  A frilled lizard (D:1)
  9 fungi
  10 plants (Lair:1)
24 creatures vanquished.

Grand Total: 325 creatures vanquished

Notes
Turn   | Place    | Note
-------+----------+-------------------------------------------
     0 | D:1      | H0rd4k the Octopode Artificer began the quest for the Orb.
     0 | D:1      | Reached XP level 1. HP: 13/13 MP: 1/1
    97 | D:1      | Reached XP level 2. HP: 2/18 MP: 1/3
   103 | D:1      | Reached skill level 1 in Spellcasting
   480 | D:1      | Reached skill level 2 in Fighting
   649 | D:1      | Reached XP level 3. HP: 18/24 MP: 4/4
  1215 | D:2      | Found a faded altar of an unknown god.
  1250 | D:2      | Noticed Robin
  1371 | D:3      | Reached skill level 1 in Unarmed Combat
  1615 | D:3      | Reached XP level 4. HP: 13/30 MP: 6/6
  2411 | D:3      | Identified the +1 leather armour of Beogh's Benevolence
                  | {Str+3}
  2417 | D:3      | Found Uwazi Vatt's Antique Weapon Emporium.
  2424 | D:3      | You fall into a shaft and drop 3 floors!
  2441 | D:6      | Noticed an ogre
  2444 | D:6      | Noticed a black bear
  2448 | D:6      | Killed an ogre
  2449 | D:6      | Reached skill level 3 in Fighting
  2449 | D:6      | Reached XP level 5. HP: 36/36 MP: 8/8
  2472 | D:6      | Reached XP level 6. HP: 25/42 MP: 8/10
  2550 | D:6      | Found a transporter.
  2564 | D:6      | Found a transporter.
  2635 | D:5      | Entered Level 5 of the Dungeon
  2697 | D:5      | Found an opulent altar of Gozag.
  2710 | D:5      | Became a worshipper of Gozag Ym Sagoz the Greedy
  3198 | D:4      | Reached XP level 7. HP: 17/47 MP: 7/11
  3342 | D:4      | Reached skill level 4 in Fighting
  3686 | D:3      | Found a transporter.
  3696 | D:3      | Noticed vampirul's ghost (amateur DjFE)
  3710 | D:3      | Found a transporter.
  4223 | D:2      | Killed Robin
  5619 | D:5      | Reached XP level 8. HP: 53/54 MP: 11/14
  5713 | D:5      | Reached skill level 5 in Fighting
  6489 | D:5      | Reached skill level 5 in Spellcasting
  6491 | D:5      | Found a staircase to the Ecumenical Temple.
  6578 | D:6      | Reached skill level 6 in Fighting
  7352 | D:6      | Reached skill level 7 in Fighting
  7534 | D:6      | Reached XP level 9. HP: 58/64 MP: 17/17
  8276 | D:3      | Bought a translucent war axe for 263 gold pieces
  8276 | D:3      | Identified the +5 war axe of Moral Flaws {venom, rF++ rC+
                  | Dex-3 Stlth+} (You bought it in a shop on level 3 of the
                  | Dungeon)
  8443 | D:7      | Found Fesuca's Mass Market.
  8448 | D:7      | Noticed a hornet
  8454 | D:7      | Killed a hornet
  8533 | D:7      | Reached skill level 8 in Fighting
  8700 | D:7      | Reached skill level 1 in Axes
  8986 | D:7      | Noticed a cyclops
  9368 | D:8      | Reached skill level 9 in Fighting
  9369 | D:8      | Noticed a hornet
  9422 | D:8      | Killed a hornet
  9722 | D:8      | Reached XP level 10. HP: 60/74 MP: 16/20
 10579 | D:8      | Found a staircase to the Lair.
 10591 | D:8      | Reached skill level 5 in Axes
 11731 | D:9      | Noticed a two-headed ogre
 11892 | D:9      | Noticed a manticore
 12583 | D:10     | Entered Level 10 of the Dungeon
 12643 | D:10     | Reached skill level 10 in Fighting
 13185 | D:10     | Found a runed translucent door.
 13185 | D:10     | Noticed an ogre mage
 13322 | D:10     | Reached skill level 1 in Invocations
 13386 | D:10     | Found a staircase to the Orcish Mines.
 13414 | D:10     | Reached skill level 1 in Poison Magic
 13420 | D:10     | Reached skill level 1 in Conjurations
 13971 | D:10     | Reached XP level 11. HP: 44/81 MP: 15/23
 13974 | D:10     | Reached skill level 1 in Long Blades
 14850 | Lair:1   | Entered Level 1 of the Lair of Beasts
 14974 | Lair:1   | Reached skill level 1 in Translocations
 15222 | Lair:1   | Noticed a six-headed hydra
 15261 | Lair:1   | Reached skill level 1 in Shields
 15596 | Lair:1   | HP: 4/81 [poisoned by a cane toad]
 15703 | Lair:1   | Noticed a five-headed hydra
 16388 | Lair:1   | Reached skill level 1 in Throwing
 16388 | Lair:1   | Reached skill level 1 in Earth Magic
 16393 | Lair:1   | Reached skill level 1 in Necromancy
 16413 | Lair:1   | Slain by a cane toad

Illustrated notes

Levels and vault maps discovered:
D:1:      doesnt_arrival_eight_statues, layout_rooms, minmay_hexomino_f4
D:2:      layout_basic, hellmonk_ecumenical_altar_blasted, grunt_ministairs_9,
          minmay_misc_feat_secret_circle, uniq_robin
D:3:      layout_basic, serial_shops, nicolae_shop_advertising_works
          [nicolae_subvault_shop_adworks], gammafunk_ghost_stat_death,
          minmay_misc_feat_cross
D:4:      layout_loops_ring
D:5:      layout_gridville, nicolae_gozag_cash_rules_everything_around_me,
          temple_hall, kennysheep_another_room
D:6:      gammafunk_steamed_eel, layout_basic, kennysheep_opposing_triangles
D:7:      layout_basic, minmay_shop_mass
D:8:      layout_basic, david_lair_generic, grunt_decor_resistance
D:9:      layout_loops_cross, nicolae_underground_beach
D:10:     layout_long_grid, zombieorc2_lemuel, minivault_13
Lair:1:   layout_chaotic_city, grunt_megastairs_2, infiniplex_staircase_pool

Skill      XL: |  1  2  3  4  5  6  7  8  9 10 11 |
---------------+----------------------------------+-----
Spellcasting   | 1 2 3 4 5 7 8 9 |  9.7
Fighting       | 2 3 4 7 9 10 | 10.0
Unarmed Combat | 1 2 3 4 |  4.8
Axes           | 4 6 |  6.2
Invocations    | 1 |  1.5
Poison Magic   | 1 |  1.4
Conjurations   | 1 |  1.1
Long Blades    | 1 |  1.5
Translocations | 1 |  1.0
Shields        | 1 |  1.2
Throwing       | 1 |  1.0
Earth Magic    | 1 |  1.0
Necromancy     | 1 |  1.0
Short Blades   | |  0.3
Staves         | |  0.3
Ranged Weapons | |  0.6
Dodging        | |  2.3
Stealth        | |  1.3
Hexes          | |  0.3
Summonings     | |  0.3
Transmutations | |  0.7
Fire Magic     | |  0.4
Ice Magic      | |  0.6
Air Magic      | |  0.8
Evocations     | |  3.2

Action                   |  1- 3 |  4- 6 |  7- 9 | 10-12 || total
-------------------------+-------+-------+-------+-------++-------
Melee: Unarmed           |    63 |    92 |   260 |       ||   415
       Constrict         |    22 |    21 |    77 |    47 ||   167
       Tentacles         |    20 |    18 |    83 |    79 ||   200
       Punch             |     2 |     5 |    24 |    11 ||    42
       War axe           |       |       |    65 |   307 ||   372
Invok: Call Merchant     |       |       |       |     2 ||     2
Evoke: Wand              |    12 |    21 |    13 |    12 ||    58
  Use: Potion            |       |       |     4 |     4 ||     8
       Scroll            |       |       |       |    19 ||    19
 Stab: Sleeping          |     4 |     5 |     8 |     1 ||    18
       Paralysed         |       |       |     7 |       ||     7
       Distracted        |       |       |     6 |    10 ||    16
Armor: Skin              |       |    13 |    45 |    53 ||   111
Dodge: Dodged            |    40 |    51 |   172 |   195 ||   458
